 Dungeon Crawl Stone Soup version 0.29.1-13-g9f3cf754e1 (webtiles) character file.

Game seed: 13998649207509052436

221170 DildoBatman the Earth Mage (level 19, 0/160 HPs)
             Began as a Formicid Conjurer on Jan 25, 2023.
             Was an Initiate of Gozag.
             Slain by a naga warrior
             ... wielding a +0 hand axe
              (35 damage)
             ... on level 3 of the Snake Pit on Jan 26, 2023.
             The game lasted 02:07:16 (30992 turns).

DildoBatman the Earth Mage (Formicid Conjurer)     Turns: 30992, Time: 02:07:17

Health: 0/160      AC: 21    Str: 16    XL:     19   Next: 96%
Magic:  0/41       EV: 15    Int: 29    God:    Gozag
Gold:   10862      SH: 16    Dex: 15    Spells: 17/48 levels left

rFire   . . .      SeeInvis +   a - +1 mace "Zufere" {pain, *Rage rPois Dex+4}
rCold   . . .      Faith    .   v - +2 kite shield
rNeg    . . .      Spirit   .   o - +4 troll leather armour
rPois   +          Reflect  .   (helmet unavailable)
rElec   .          Harm     .   P - +1 cloak
rCorr   .          Rampage  .   R - +0 pair of gloves
Will    ++...                   w - +0 pair of boots
Stlth   ++........              m - amulet of magic regeneration
HPRegen 1.96/turn               F - +6 ring of intelligence
MPRegen 0.67/turn               S - +4 ring of protection

@: gold aura
A: permanent stasis, dig shafts and tunnels, antennae 3, four strong arms, dopey
1, high MP 1, strong-willed 1, regeneration 1, robust 1, strong 1
}: 1/15 runes: decaying
a: Dig, Shaft Self, Renounce Religion, Potion Petition, Call Merchant, Bribe
Branch


You were on level 3 of the Snake Pit.
You worshipped Gozag.
Gozag was extremely pleased with you.
You visited 6 branches of the dungeon, and saw 30 of its levels.
You also visited: Ice Cave.

You collected 11407 gold pieces.
You spent 164 gold pieces at shops.
You paid 381 gold pieces to Gozag.

Inventory:

Hand Weapons
 a - the +1 mace "Zufere" (weapon) {pain, *Rage rPois Dex+4}
   (You found it on level 5 of the Lair of Beasts)

   In the hands of one skilled in necromantic magic, it inflicts extra damage on
   living creatures.
   Dex:       It affects your dexterity (+4).
   rPois:     It protects you from poison.
   *Rage:     It berserks you when you make melee attacks (+20% chance).
 c - the +5 flail "Milamucit" {flame, rF+ Will- Str+2 Int+4}
   (You found it on level 5 of the Dungeon)

   It burns those it strikes, dealing additional fire damage.
   Str:       It affects your strength (+2).
   Int:       It affects your intelligence (+4).
   rF:        It protects you from fire.
   Will:      It decreases your willpower.
 d - the +10 short sword of the Volcano {venom, SInv}
   (You found it on level 13 of the Dungeon)

   It poisons the flesh of those it strikes.
   SInv:      It lets you see invisible.
 e - a +3 scimitar of flaming
Missiles
 f - 6 poisoned darts
 t - 6 javelins (quivered)
 I - 2 throwing nets
 J - 8 curare-tipped darts
 M - 5 datura-tipped darts
Armour
 i - a scarf of resistance
 o - a +4 troll leather armour (worn)
 v - a +2 kite shield (worn)
 w - a +0 pair of boots (worn)
 H - the +8 orange crystal plate armour {Archmagi, Int+3 Clar}
   (You acquired it on level 1 of the Swamp)

   Int:       It affects your intelligence (+3).
   Clar:      It protects you against confusion.
 P - a +1 cloak (worn)
 R - a +0 pair of gloves (worn)
Magical Staves
 b - a staff of earth
Jewellery
 h - a ring of protection from fire
 m - an amulet of magic regeneration (around neck)
 p - a ring of resist corrosion
 s - a ring of flight
 x - a ring of willpower
 y - a +6 ring of intelligence
 E - a ring of willpower
 F - a +6 ring of intelligence (left hand)
 S - a +4 ring of protection (right hand)
 X - a +4 ring of evasion
 Z - a ring of protection from cold
Wands
 g - a wand of digging (11)
 K - a wand of roots (14)
 L - a wand of acid (27)
Scrolls
 j - 6 scrolls of immolation
 l - 4 scrolls of fog
 r - 3 scrolls of brand weapon
 u - 5 scrolls of torment
 z - 6 scrolls of identify
 A - 2 scrolls of fear
 B - a scroll of amnesia
 C - 2 scrolls of magic mapping
 G - 6 scrolls of enchant weapon
 Q - 5 scrolls of poison
Potions
 k - 13 potions of curing
 n - 2 potions of invisibility
 q - 4 potions of ambrosia
 D - a potion of cancellation
 O - 2 potions of brilliance
 T - 8 potions of heal wounds
 U - 3 potions of magic
 V - 3 potions of mutation
 W - 2 potions of might
Miscellaneous
 N - a phial of floods
 Y - a condenser vane


   Skills:
 - Level 12.0 Fighting
 - Level 1.0 Maces & Flails
 - Level 16.0 Armour
 - Level 9.0 Dodging
 - Level 2.4 Stealth
 - Level 16.0 Shields
 * Level 15.0 Spellcasting
 - Level 4.0 Conjurations
 * Level 16.3 Necromancy
 * Level 5.3 Transmutations
 * Level 17.8 Earth Magic


You had 17 spell levels left.
You knew the following spells:

 Your Spells              Type           Power      Damage    Failure   Level
a - Borgnjor's Vile Clut  Necr/Erth      44%        N/A       1%          5
b - Iron Shot             Conj/Erth      35%        9d7       6%          6
c - Statue Form           Tmut/Erth      48%        N/A       4%          6
d - Vampiric Draining     Necr           86%        2d12      0%          3
e - Passwall              Tmut/Erth      60%        N/A       1%          2
g - Stone Arrow           Conj/Erth      100%       3d13      1%          3
h - Dispel Undead         Necr           86%        3d28      1%          4
z - Sublimation of Blood  Necr           86%        N/A       0%          2

Your spell library contained the following spells:

 Spells                   Type           Power      Damage    Failure   Level
 Necrotise                Necr           100%       1d9       0%          1
 Sandblast                Erth           100%       2d20      0%          1
 Magic Dart               Conj           100%       1d8       1%          1
 Searing Ray              Conj           90%        2d7       1%          2
 Anguish                  Hex/Necr       31%        N/A       1%          4
 Petrify                  Tmut/Erth      73%        N/A       1%          4
 Agony                    Necr           86%        N/A       1%          5
 Death Channel            Necr           43%        N/A       1%          6
 Apportation              Tloc           42%        N/A       3%          1
 Slow                     Hex            84%        N/A       3%          1
 Summon Small Mammal      Summ           84%        N/A       3%          1
 Dazzling Flash           Conj/Hex       66%        N/A       4%          3
 Call Imp                 Summ           21%        N/A       5%          2
 Ensorcelled Hibernation  Hex/Ice        42%        N/A       5%          2
 Mephitic Cloud           Conj/Pois/Air  29%        N/A       6%          3
 Confusing Touch          Hex            21%        N/A       11%         3
 Gell's Gravitas          Tloc           21%        N/A       11%         3
 Lesser Beckoning         Tloc           21%        N/A       11%         3
 Teleport Other           Tloc           21%        N/A       11%         3
 Tukima's Dance           Hex            21%        N/A       11%         3
 Blade Hands              Tmut           26%        N/A       12%         5
 Fulminant Prism          Conj/Hex       16%        3d11      16%         4
 Iskenderun's Mystic Bla  Conj/Tloc      33%        2d8       16%         4
 Irradiate                Conj/Tmut      24%        3d19      16%         5
 Iskenderun's Battlesphe  Conj           45%        2d10      21%         5
 Borgnjor's Revivificati  Necr           43%        N/A       30%         8
 Infestation              Necr           43%        N/A       30%         8
 Alistair's Intoxication  Tmut/Pois      24%        N/A       34%         5
 Yara's Violent Unravell  Hex/Tmut       18%        3d9       34%         5
 Passage of Golubria      Tloc           21%        N/A       36%         4
 Fireball                 Conj/Fire      16%        3d8       41%         5
 Manifold Assault         Tloc           21%        N/A       71%         5
 Metabolic Englaciation   Hex/Ice        10%        N/A       71%         5
 Haunt                    Necr/Summ      31%        N/A       73%         7
 Conjure Ball Lightning   Conj/Air       16%        3x3d6     94%         6
 Necromutation            Tmut/Necr      35%        N/A       96%         8
 Dragon Form              Tmut           26%        N/A       98%         7
 Dispersal                Tloc           10%        N/A       99%         6
 Orb of Destruction       Conj           22%        9d8       99%         7
 Death's Door             Necr           43%        N/A       99%         9
 Enfeeble                 Hex            10%        N/A       100%        7
 Spellforged Servitor     Conj/Summ      16%        N/A       100%        7
 Animate Dead             Necr           Unusable   N/A       N/A         4
 Corpse Rot               Necr/Pois/Air  Unusable   N/A       N/A         4
 Blink                    Tloc           Unusable   N/A       N/A         2

Dungeon Overview and Level Annotations

Branches:
Dungeon (15/15)            Temple (1/1) D:6            Lair (5/5) D:8
  Swamp (4/4) Lair:2        Snake (3/4) Lair:2        Slime (0/5) Lair:5
    Orc (2/2) D:12            Elf (0/3) Orc:2        Vaults (0/5) D:13
 Depths (0/4) D:15          IceCv (visited)

Altars:
Ashenzari
Cheibriados
Dithmenos
Elyvilon
Fedhas
Gozag
Hepliaklqana
Kikubaaqudgha
Makhleb
Nemelex Xobeh
Okawaru
Qazlal
Ru
Sif Muna
Trog
Uskayaw
Vehumet
Wu Jian
Xom
Yredelemnul
Zin
The Shining One
Jiyva

Shops:
D:9 =   Orc:2 ??[(   Snake:3 =

Portals:
Abyss: Lair:2


Innate Abilities, Weirdness & Mutations

You cannot be hasted, slowed, berserked, paralysed or teleported.
You can dig through walls and to a lower floor.
You have a pair of large antennae on your head. (SInv)
Your four strong arms can wield two-handed weapons with a shield.
You are dopey. (Int -2)
You have an increased reservoir of magic. (+10% MP)
You are strong-willed. (Will+)
Your natural rate of healing is unusually fast.
You are robust. (+10% HP)
Your muscles are strong. (Str +4, Int/Dex -1)


Message History

You resist. You block the naga warrior's attack. The naga warrior grabs you.
The naga warrior constricts you.
The naga warrior hits you with a +0 hand axe!!!
You block the guardian serpent's attack.
Casting: Borgnjor's Vile Clutch (safe; 1% risk of failure)
Confirm with . or Enter, or press ? or * to list all spells.
Aiming: Iron Shot (dangerous; 6% risk of failure)
Press: ? - help, Shift-Dir - straight line, f/p - guardian serpent
Aim: a guardian serpent (severely wounded, constricted by zombie hands, 100% to hit)
The iron shot hits the guardian serpent!!
You kill the guardian serpent!
The zombie hands constrict the naga warrior.
The zombie hands constrict the naga warrior!
The naga warrior spits poison at you. The splash of poison misses you.
The naga warrior constricts you. You block the naga warrior's attack.
Casting: Iron Shot (dangerous; 6% risk of failure)
Confirm with . or Enter, or press ? or * to list all spells.
Aiming: Iron Shot (dangerous; 6% risk of failure)
Press: ? - help, Shift-Dir - straight line, f - naga warrior
Aim: a naga warrior, wielding a +0 hand axe (almost dead, constricting you, catching its breath, constricted by zombie hands, 100% to hit)
The iron shot hits the naga warrior!!!
You kill the naga warrior!
The zombie hands constrict the naga warrior!!
The naga warrior hits you with a +0 hand axe!!!
The naga warrior closely misses you.
Casting: Iron Shot (dangerous; 6% risk of failure)
Confirm with . or Enter, or press ? or * to list all spells.
Aiming: Iron Shot (dangerous; 6% risk of failure)
Press: ? - help, Shift-Dir - straight line, f - naga warrior
Aim: a naga warrior, wielding a +0 hand axe and wearing a +0 robe (moderately wounded, strong, constricted by zombie hands, 100% to hit)
The iron shot hits the naga warrior!!
The naga warrior is severely wounded.
The zombie hands constrict the naga warrior!
The naga warrior hits you with a +0 hand axe!!
You die...
Your body crumbles into a pile of gold.

##..#....#.......#....#
#..#.#.)'))#...##..#.#
#..#..)##.....###..###
##..##'####...##.#..##
.........###..#..#...##
.........#.#.....##...#
.........#.......###..#
...#######....#N.###.##
..## #......$@#...##
..# ##..#..$$#..#.# #.#
#.......###### #.#
#...).#.# !.# #..#.$###
..# #.##... ..# ##
...ยง ..# ...#. ..#


You could see a naga warrior (strong, clutched).

Vanquished Creatures
  Saint Roka (Orc:2)
  Nikola (Snake:3)
  Rupert (Lair:3)
  Gastronok (Lair:3)
  Kirke (D:14)
  Agnes (D:14)
  A thorn hunter (Swamp:4)
  Roxanne (Swamp:3)
  A nagaraja (Snake:2)
  An azure jelly (IceCv)
  Donald (Swamp:4)
  Aizul (Snake:3)
  An angel (D:15)
  An orc warlord (Orc:1)
  2 quicksilver oozes (IceCv)
  4 eleionomae
  Azrael (D:12)
  A minotaur (D:14)
  6 bunyips
  Josephine (Lair:4)
  The ghost of laros the Executioner, a journeyman MiBe of Trog (D:11)
  2 fire dragons (D:15)
  The ghost of Kotami the Carver, a journeyman OpFi of Dithmenos (Lair:2)
  A shambling mangrove (Swamp:4)
  The ghost of dvd2 the Thaumaturge, a journeyman FeEE of Sif Muna (D:14)
  A salamander tyrant (Snake:3)
  8 vault guards (D:13)
  5 boulder beetles
  A spriggan air mage (Swamp:2)
  27 hydras
  5 ogre magi
  2 ghost crabs (Swamp:4)
  2 catoblepae
  12 anacondas
  4 centaur warriors
  4 naga warriors
  A deep troll shaman (Lair:5)
  8 alligators
  20 two-headed ogres
  4 tengu warriors
  15 death yaks
  A death knight (D:15)
  A spriggan berserker (Swamp:4)
  5 naga sharpshooters
  5 shock serpents
  Amaemon (Lair:3)
  A salamander mystic (Snake:3)
  5 skeletal warriors
  9 spriggan druids
  2 deep trolls (Orc:2)
  4 naga ritualists
  A sea snake (Snake:1)
  4 orc knights
  16 swamp dragons
  Pikel (D:8)
  3 goliath frogs
  8 bog bodies
  10 ugly things
  A harpy (shapeshifter) (D:13)
  3 deep elf pyromancers
  8 cyclopes
  5 manticores
  6 mana vipers
  3 will-o-the-wisps
  2 orc sorcerers (Orc:2)
  An oklob plant (Lair:4)
  A salamander (shapeshifter) (D:15)
  10 salamanders
  11 elephants
  A guardian serpent (Snake:3)
  A smoke demon (Lair:2)
  A gargoyle (D:10)
  7 cane toads
  3 ice statues (IceCv)
  3 torpor snails
  31 black mambas
  An orange demon (Lair:3)
  A rime drake (Lair:3)
  3 naga magi
  2 unseen horrors
  4 kobold demonologists (D:11)
  Psyche (D:12)
  2 freezing wraiths (D:15)
  3 efreet
  A tengu conjurer (D:15)
  7 komodo dragons
  A yaktaur (D:11)
  An ancient zyme (Lair:2)
  16 trolls
  14 tyrant leeches
  2 polar bears (Lair:5)
  12 hornets
  19 blink frogs
  4 dream sheep (Lair:2)
  28 slime creatures
  A raiju (Lair:2)
  31 yaks
  19 spriggans
  A shadow (D:12)
  A fire elemental (D:12)
  6 wraiths
  4 basilisks
  2 wyverns
  Grum (D:8)
  A chaos spawn (Lair:2)
  3 steam dragons
  6 hogs (D:15)
  16 vampire mosquitoes
  Menkaure (D:7)
  2 acid dragons
  4 wargs
  24 nagas
  12 water moccasins
  17 swamp worms
  4 hell hounds (D:12)
  2 floating eyes (D:15)
  A sky beast (D:7)
  27 orc warriors
  2 ice beasts
  2 great orb of eyes simulacra (IceCv)
  12 swamp drakes
  24 ogres
  17 wolves
  A phantom (D:5)
  20 centaurs
  A lemure (D:8)
  2 slime creature simulacra (IceCv)
  3 kobold brigands
  11 bullfrogs
  7 scorpions
  7 glowing shapeshifter simulacra (IceCv)
  2 necrophages
  23 killer bees
  3 howler monkeys
  6 electric eels
  9 hounds
  3 jellies
  Crazy Yiuf (D:2)
  19 orc priests
  A gnoll bouda (D:6)
  An iguana (D:5)
  30 orc wizards
  2 hell rats (D:7)
  4 shapeshifter simulacra (IceCv)
  A boggart simulacrum (D:15)
  An adder (D:2)
  10 gnolls
  10 river rats (D:7)
  A white imp (D:7)
  A worm (D:2)
  2 dart slugs (D:1)
  90 orcs
  7 ball pythons
  5 bats
  7 endoplasms
  2 giant cockroaches
  6 goblins
  5 hobgoblins
  9 quokkas
  2 frilled lizards (D:2)
  23 kobolds
  21 rats
1053 creatures vanquished.

Vanquished Creatures (others)
  An alligator (Swamp:4)
  A naga (Snake:3)
  An orc (D:11)
  A bush (Lair:3)
  8 foxfires
  25 fungi
  25 plants
62 creatures vanquished.

Grand Total: 1115 creatures vanquished

Notes
Turn   | Place    | Note
-------+----------+-------------------------------------------
     0 | D:1      | DildoBatman the Formicid Conjurer began the quest for the
                  | Orb.
     0 | D:1      | Reached XP level 1. HP: 13/13 MP: 3/3
   229 | D:1      | Reached XP level 2. HP: 20/20 MP: 0/5
   232 | D:1      | Learned a level 2 spell: Searing Ray
   545 | D:1      | Reached skill level 1 in Fighting
   553 | D:1      | Reached skill level 1 in Armour
   553 | D:1      | Reached XP level 3. HP: 18/25 MP: 1/6
   575 | D:1      | Found a faded altar of an unknown god.
  1210 | D:2      | Found an ancient bone altar of Kikubaaqudgha.
  1215 | D:2      | Became a worshipper of Kikubaaqudgha
  1226 | D:2      | Reached XP level 4. HP: 32/32 MP: 8/8
  1360 | D:2      | Found a runed translucent door.
  1361 | D:2      | Noticed Crazy Yiuf
  1621 | D:2      | Reached XP level 5. HP: 38/38 MP: 5/9
  1988 | D:3      | Noticed an ogre
  2228 | D:3      | Found a faded altar of an unknown god.
  2237 | D:3      | Found a white marble altar of Elyvilon.
  2427 | D:3      | Reached XP level 6. HP: 43/46 MP: 5/11
  2786 | D:3      | You fall into a shaft and drop 3 floors!
  2932 | D:6      | Noticed a steam dragon
  2950 | D:6      | Found a staircase to the Ecumenical Temple.
  3017 | D:6      | Noticed an orc warrior
  3219 | D:5      | Entered Level 5 of the Dungeon
  3238 | D:5      | Found an opulent altar of Gozag.
  3291 | D:4      | Reached * piety under Kikubaaqudgha
  3291 | D:4      | Received a gift from Kikubaaqudgha
  3295 | D:4      | Learned a level 2 spell: Sublimation of Blood
  3379 | D:4      | Reached XP level 7. HP: 41/52 MP: 3/13
  3761 | D:4      | Reached skill level 5 in Spellcasting
  4155 | D:5      | Reached skill level 5 in Armour
  4155 | D:5      | Reached skill level 1 in Shields
  4155 | D:5      | Reached XP level 8. HP: 51/60 MP: 10/15
  4278 | D:5      | Reached skill level 5 in Fighting
  4323 | D:5      | Identified the +5 flail "Milamucit" {flame, rF+ Will- Str+2
                  | Int+4}
  4471 | D:5      | Reached skill level 1 in Maces & Flails
  4806 | D:6      | Reached XP level 9. HP: 62/68 MP: 14/19
  5406 | D:7      | Reached ** piety under Kikubaaqudgha
  5413 | D:7      | Reached skill level 10 in Armour
  5537 | D:7      | Noticed Menkaure
  5889 | D:7      | Identified the +3 leather armour of Hopscotch {Rampage
                  | Int+3 Stlth-}
  6078 | D:7      | Killed Menkaure
  6229 | D:7      | Reached *** piety under Kikubaaqudgha
  6229 | D:7      | Received a gift from Kikubaaqudgha
  6236 | D:7      | Learned a level 5 spell: Borgnjor's Vile Clutch
  6241 | D:7      | Learned a level 4 spell: Dispel Undead
  6267 | D:7      | Reached skill level 1 in Necromancy
  6267 | D:7      | Reached skill level 1 in Earth Magic
  6267 | D:7      | Reached XP level 10. HP: 62/74 MP: 13/20
  6294 | D:7      | Reached skill level 2 in Earth Magic
  6650 | D:7      | Reached skill level 3 in Earth Magic
  6742 | D:8      | Noticed Grum
  6751 | D:8      | Reached skill level 4 in Earth Magic
  6763 | D:8      | Killed Grum
  6985 | D:8      | Reached skill level 5 in Earth Magic
  7020 | D:8      | Found a broken altar of Ashenzari.
  7020 | D:8      | Noticed a two-headed ogre
  7264 | D:8      | Reached **** piety under Kikubaaqudgha
  7344 | D:8      | Identified the amulet "Ycycluir" {Spirit -Tele rPois rF+
                  | Str+4}
  7353 | D:8      | Killed a two-headed ogre
  7354 | D:8      | Reached skill level 5 in Necromancy
  7354 | D:8      | Reached skill level 6 in Earth Magic
  7422 | D:8      | Reached skill level 7 in Earth Magic
  7682 | D:8      | Noticed Pikel
  7710 | D:8      | Killed Pikel
  7711 | D:8      | Reached XP level 11. HP: 75/79 MP: 15/21
  7852 | D:8      | Found a staircase to the Lair.
  8091 | D:2      | Killed Crazy Yiuf
  8111 | D:2      | You fall into a shaft and drop 1 floor!
  8302 | D:8      | Noticed a two-headed ogre
  8326 | D:8      | Killed a two-headed ogre
  8327 | D:8      | Reached skill level 8 in Earth Magic
  8385 | D:9      | Found Zeasa's Jewellery Emporium.
  8460 | D:9      | Reached skill level 9 in Earth Magic
  8580 | D:9      | Noticed a boulder beetle
  8582 | D:9      | Noticed a catoblepas
  8724 | D:9      | Learned a level 3 spell: Vampiric Draining
  8832 | D:9      | Killed a catoblepas
  8838 | D:9      | Killed a boulder beetle
  8839 | D:9      | Reached skill level 10 in Earth Magic
  9008 | D:9      | Found a hide-covered altar of Uskayaw.
  9571 | D:10     | Entered Level 10 of the Dungeon
  9635 | D:10     | You fall into a shaft and drop 2 floors!
  9698 | D:11     | Noticed a cyclops
  9715 | D:11     | Killed a cyclops
  9718 | D:11     | Noticed a two-headed ogre
  9730 | D:11     | Killed a two-headed ogre
  9731 | D:11     | Reached skill level 11 in Earth Magic
  9731 | D:11     | Reached XP level 12. HP: 62/86 MP: 9/22
  9735 | D:11     | Noticed an ogre mage
  9744 | D:11     | Noticed a two-headed ogre
  9746 | D:11     | Noticed a two-headed ogre
  9746 | D:11     | Noticed a two-headed ogre
  9750 | D:11     | You fall into a shaft and drop 3 floors!
 10050 | D:14     | Noticed a centaur warrior
 10055 | D:14     | Killed a centaur warrior
 10181 | D:14     | Reached skill level 10 in Necromancy
 10235 | D:14     | Noticed an eight-headed hydra
 10236 | D:14     | Noticed Agnes
 10254 | D:14     | Killed an eight-headed hydra
 10255 | D:14     | Reached skill level 12 in Earth Magic
 10362 | D:13     | Noticed a tengu warrior
 10367 | D:13     | Killed a tengu warrior
 10367 | D:13     | Reached ***** piety under Kikubaaqudgha
 10493 | D:13     | Identified the +0 robe "Wirchuo" {*Corrode rPois rF+ Dex+3}
 10508 | D:13     | Noticed a boulder beetle
 10524 | D:13     | Killed a boulder beetle
 10621 | D:13     | Noticed a tengu warrior
 10634 | D:13     | Killed a tengu warrior
 10883 | D:12     | Found a staircase to the Orcish Mines.
 10971 | D:12     | Noticed a two-headed ogre
 10990 | D:12     | Killed a two-headed ogre
 11056 | D:12     | Noticed Azrael
 11065 | D:12     | Killed Azrael
 11066 | D:12     | Reached XP level 13. HP: 18/91 MP: 5/23
 11208 | D:11     | Reached skill level 15 in Armour
 11250 | D:11     | Noticed a boulder beetle
 11324 | D:11     | Found a runed translucent gate.
 11324 | D:11     | Found a runed translucent gate.
 11324 | D:11     | Noticed laros's ghost (journeyman MiBe)
 11333 | D:11     | Found a runed translucent gate.
 11355 | D:11     | Learned a level 3 spell: Stone Arrow
 11441 | D:11     | Killed an ogre mage
 11965 | D:10     | Reached skill level 5 in Shields
 12026 | D:10     | Found a radiant altar of Vehumet.
 12089 | D:10     | Found a blossoming altar of Fedhas.
 12672 | D:12     | Noticed Psyche
 12675 | D:12     | Killed Psyche
 13001 | D:13     | Noticed a centaur warrior
 13007 | D:13     | Killed a centaur warrior
 13035 | D:13     | Identified the +10 short sword of the Volcano {venom, SInv}
 13144 | D:13     | Reached ****** piety under Kikubaaqudgha
 13159 | D:12     | Received a gift from Kikubaaqudgha
 13160 | D:12     | Fell from the grace of Kikubaaqudgha
 13277 | Temple   | Entered the Ecumenical Temple
 13506 | D:5      | Became a worshipper of Gozag Ym Sagoz the Greedy
 13624 | D:11     | Killed laros's ghost
 13644 | D:11     | Killed a boulder beetle
 13645 | D:11     | Reached skill level 5 in Dodging
 13798 | D:13     | Noticed a boulder beetle
 13808 | D:13     | Killed a boulder beetle
 13809 | D:13     | Reached XP level 14. HP: 96/103 MP: 18/26
 13865 | D:13     | Found a gate to the Vaults.
 14369 | Orc:1    | Entered Level 1 of the Orcish Mines
 14898 | Orc:2    | Entered Level 2 of the Orcish Mines
 14912 | Orc:2    | Noticed an orc warlord
 14960 | Orc:1    | Killed an orc warlord
 15044 | Orc:2    | Noticed Saint Roka
 15718 | Lair:1   | Entered Level 1 of the Lair of Beasts
 16262 | Lair:1   | Reached skill level 10 in Spellcasting
 16262 | Lair:1   | Reached XP level 15. HP: 112/113 MP: 21/29
 16730 | Lair:2   | Found a staircase to the Snake Pit.
 16751 | Lair:2   | Reached skill level 10 in Shields
 16840 | Lair:2   | Found a staircase to the Swamp.
 16870 | Lair:2   | Found a frozen archway.
 16892 | IceCv    | Entered an ice cave
 16950 | IceCv    | Noticed a quicksilver ooze
 16955 | IceCv    | Killed a quicksilver ooze
 17126 | IceCv    | Reached skill level 10 in Fighting
 17372 | IceCv    | Was forgiven by Kikubaaqudgha
 17529 | IceCv    | Identified the +0 ring mail of Dishonour {rF- Regen+ Dex+8}
 17705 | IceCv    | Learned a level 2 spell: Passwall
 18103 | IceCv    | Noticed a quicksilver ooze
 18110 | IceCv    | Killed a quicksilver ooze
 18135 | IceCv    | Found a viscous altar of Jiyva.
 18135 | IceCv    | Noticed an azure jelly
 18149 | IceCv    | Killed an azure jelly
 18223 | IceCv    | Got the ring of Checkmate {Ice Str+6}
 18459 | Lair:2   | Found a transporter.
 18464 | Lair:2   | Found a transporter.
 18967 | Lair:2   | Found a one-way gate to the infinite horrors of the Abyss.
 18974 | Lair:2   | Noticed Kotami's ghost (journeyman OpFi)
 19104 | Lair:3   | Noticed Rupert
 19120 | Lair:3   | Killed Rupert
 19298 | Lair:3   | Noticed Amaemon
 19308 | Lair:3   | Killed Amaemon
 19533 | Lair:3   | Noticed Gastronok
 19586 | Lair:3   | Killed Gastronok
 19853 | Lair:3   | Learned a level 6 spell: Iron Shot
 20195 | Lair:4   | Noticed Josephine
 20204 | Lair:4   | Killed Josephine
 20553 | Lair:4   | Reached XP level 16. HP: 127/127 MP: 25/30
 20828 | Lair:4   | Identified the +8 quarterstaff of Conscience {vorpal, rF-
                  | Str+5}
 20908 | Lair:5   | Entered Level 5 of the Lair of Beasts
 21428 | Lair:5   | Reached skill level 15 in Shields
 21469 | Lair:5   | Found a viscous altar of Jiyva.
 21469 | Lair:5   | Found a staircase to the Slime Pits.
 21889 | Lair:5   | Identified the +1 mace "Zufere" {pain, *Rage rPois Dex+4}
 21899 | Lair:5   | Gained mutation: You are strong-willed. (Will+) [potion of
                  | mutation]
 21899 | Lair:5   | Gained mutation: Your movements are slightly less
                  | encumbered by armour. (ER -2) [potion of mutation]
 21899 | Lair:5   | Gained mutation: You are robust. (+10% HP) [potion of
                  | mutation]
 21899 | Lair:5   | Gained mutation: Your muscles are strong. (Str +4, Int/Dex
                  | -1) [potion of mutation]
 22394 | Orc:2    | Killed Saint Roka
 22525 | Orc:2    | Found a staircase to the Elven Halls.
 22811 | Orc:2    | Found Loluusch's Antique Armour Emporium.
 22813 | Orc:2    | Found Raem's Weapon Shoppe.
 22931 | Orc:2    | Reached XP level 17. HP: 87/137 MP: 27/31
 22978 | Orc:2    | Found Keotriaki's Magic Scroll Shop.
 22993 | Orc:2    | Found Pixitwor's Magic Scroll Shoppe.
 22997 | Orc:2    | Bought a scroll of poison for 52 gold pieces
 23002 | Orc:2    | Bought a scroll of enchant armour for 112 gold pieces
 23246 | D:14     | Killed Agnes
 23247 | D:14     | Reached skill level 13 in Earth Magic
 23430 | D:14     | Found a runed translucent gate.
 23430 | D:14     | Found a runed translucent gate.
 23431 | D:14     | Found a runed translucent gate.
 23431 | D:14     | Noticed dvd2's ghost (journeyman FeEE)
 23446 | D:14     | Killed dvd2's ghost
 23499 | D:14     | Identified the ring "Caczuf" {Str+6 Stlth+}
 23504 | D:14     | Got the Directory of the Oath
 23656 | D:15     | Entered Level 15 of the Dungeon
 24021 | D:15     | Noticed Kirke
 24040 | D:14     | You fall into a shaft and drop 1 floor!
 24146 | D:14     | Killed Kirke
 24285 | D:15     | Reached skill level 14 in Earth Magic
 24423 | D:15     | Found a staircase to the Depths.
 24654 | D:15     | Found a glowing silver altar of Zin.
 25453 | Lair:2   | Killed Kotami's ghost
 25797 | Snake:1  | Entered Level 1 of the Snake Pit
 25807 | Snake:1  | Lost mutation: Your movements are slightly less encumbered
                  | by armour. (ER -2) [potion of mutation]
 25807 | Snake:1  | Lost mutation: You are strong-willed. (Will+) [potion of
                  | mutation]
 25807 | Snake:1  | Gained mutation: You are dopey. (Int -2) [potion of
                  | mutation]
 25807 | Snake:1  | Gained mutation: You are strong-willed. (Will+) [potion of
                  | mutation]
 25807 | Snake:1  | Gained mutation: Your natural rate of healing is unusually
                  | fast. [potion of mutation]
 25807 | Snake:1  | Gained mutation: You have an increased reservoir of magic.
                  | (+10% MP) [potion of mutation]
 26450 | Snake:2  | Reached XP level 18. HP: 121/154 MP: 26/38
 26537 | Snake:2  | Reached skill level 15 in Earth Magic
 27215 | Snake:3  | Noticed Nikola
 27379 | Swamp:1  | Entered Level 1 of the Swamp
 27872 | Swamp:1  | Reached skill level 16 in Earth Magic
 27977 | Swamp:1  | Identified 2 scrolls of acquirement
 27978 | Swamp:1  | Acquired 773 gold pieces
 27979 | Swamp:1  | Acquired the +8 orange crystal plate armour {Archmagi,
                  | Int+3 Clar}
 27979 | Swamp:1  | Found the +8 orange crystal plate armour {Archmagi, Int+3
                  | Clar}
 28004 | Swamp:2  | Reached skill level 15 in Necromancy
 28687 | Swamp:3  | Reached XP level 19. HP: 123/160 MP: 34/40
 28896 | Swamp:3  | Noticed Roxanne
 28948 | Swamp:3  | Killed Roxanne
 28960 | Swamp:3  | Learned a level 6 spell: Statue Form
 29041 | Swamp:3  | Identified the +2 trident "Nigeh" {vorpal, Fragile Int+3
                  | Dex+7}
 29359 | Swamp:4  | Entered Level 4 of the Swamp
 29374 | Swamp:4  | Reached skill level 1 in Transmutations
 29387 | Swamp:4  | Reached skill level 17 in Earth Magic
 29528 | Swamp:4  | Noticed Donald
 29539 | Swamp:4  | Killed Donald
 30236 | Swamp:4  | Got a decaying rune of Zot
 30602 | Snake:3  | Found Enooc's Jewellery Boutique.
 30672 | Snake:3  | Noticed Aizul
 30685 | Snake:3  | Killed Aizul
 30686 | Snake:3  | Reached skill level 15 in Spellcasting
 30776 | Snake:3  | Reached skill level 5 in Transmutations
 30908 | Snake:3  | Killed Nikola
 30992 | Snake:3  | Slain by a naga warrior

Illustrated notes

Levels and vault maps discovered:
D:1:      minmay_arrival_four_loops, layout_basic, basic_ecumenical_altar,
          chequers_avenue, st_stairs_10
D:2:      layout_loops_ring, basic_altar, uniq_crazy_yiuf_cottage
D:3:      layout_loops_ring, nicolae_overflow_ecumenical_swirl,
          corexii_corridor_pit
D:4:      layout_gridville, minmay_manual_mares
D:5:      layout_loops_ring, grunt_gozag_breadcrumbs
D:6:      layout_basic, minmay_temple_entry_water_ring
D:7:      lemuel_ratsnest, layout_basic, chequers_serial_rivers_micro_e,
          uniq_menkaure
D:8:      layout_layer_cave, evilmike_ruin_ashenzari, erik_lair_island,
          uniq_grum, uniq_pikel
D:9:      layout_loops_cross, mainiacjoe_overflow_alcove_4, serial_shops, shop,
          minmay_bent
D:10:     layout_long_grid, fedhas_altar_1, lemuel_doored_altar,
          grunt_decor_clamped, minmay_misc_feat_cross, corexii_hall_statues_i
D:11:     layout_basic, gammafunk_ghost_split
D:12:     layout_loops_ring, minmay_orc_entry_temple_small,
          small_statue_intersection, uniq_psyche, uniq_azrael
D:13:     layout_roguey, erik_vaults_2
D:14:     layout_cave_pools, maelrawn_ghost_gauntlet_escape, grunt_decor_cap,
          chequers_serial_rivers_large_b, uniq_agnes
D:15:     grunt_enter_depths_hoard, layout_loops_cross, zin_angel,
          onia_ninara_cookie, uniq_kirke
Temple:   eino_temple_scatter_basement
Lair:1:   layout_cave_pods, nicolae_lair_grazing_beasts
          [nicolae_sub_lair_graze_edge, nicolae_sub_lair_graze_edge,
          nicolae_sub_lair_graze_edge, nicolae_sub_lair_graze_edge],
          grunt_megastairs_2, infiniplex_staircase_pool
Lair:2:   layout_small_grid, minmay_swamp_entry_swarm,
          guppyfry_snake_entry_garden, portal_ice_cave_entry_pillars_1,
          gammafunk_ghost_abyssal_escape
Lair:3:   layout_layer_cave, nicolae_quartered_pool_little, uniq_rupert,
          uniq_gastronok, uniq_amaemon
Lair:4:   layout_gridlike, uniq_josephine
Lair:5:   grunt_lair_end_beastmaster, layout_gridlike, dpeg_slime_entry_corner
Swamp:1:  layout_basic_swamp, evilmike_swamp_ruin_house_6
Swamp:2:  layout_basic_swamp, serial_swamp_ruin, evilmike_swamp_ruin_house_3,
          evilmike_swamp_ruin_rubble_2, evilmike_swamp_ruin_rubble_1
Swamp:3:  layout_basic_swamp, evilmike_swamp_ruin_house_2, swamp_pool2,
          uniq_roxanne
Swamp:4:  swamp_basic_johnstein, layout_basic_swamp, uniq_donald
Snake:1:  layout_rooms, serial_bayou_pond_b
Snake:2:  layout_rooms
Snake:3:  layout_cave_town, hangedman_snake_pattern, minmay_shop_star,
          uniq_aizul, uniq_nikola
Orc:1:    layout_caves
Orc:2:    st_orc_open, layout_diamond_mine, uniq_saint_roka

Skill      XL: |  1  2  3  4  5  6  7  8  9 10 11 12 13 14 15 16 17 18 19 |
---------------+----------------------------------------------------------+-----
Dodging        | 2 3 5 7 9 |  9.0
Fighting       | 1 2 3 4 5 7 9 11 12 | 12.0
Armour         | 1 2 3 5 6 13 14 16 | 16.0
Conjurations   | 4 |  4.0
Spellcasting   | 3 4 5 7 8 10 12 14 15 | 15.0
Shields        | 1 3 6 9 12 16 | 16.0
Maces & Flails | 1 |  1.0
Necromancy     | 1 6 9 12 14 15 16 | 16.3
Earth Magic    | 1 7 11 12 14 16 17 | 17.8
Transmutations | 5 |  5.3
Stealth        | |  2.4

Action                   |  1- 3 |  4- 6 |  7- 9 | 10-12 | 13-15 | 16-18 | 19-21 || total
-------------------------+-------+-------+-------+-------+-------+-------+-------++-------
Melee: Mace              |     5 |       |       |       |       |   184 |    84 ||   273
       Dagger            |       |    28 |     9 |       |       |       |       ||    37
       Flail             |       |       |   111 |   254 |   226 |       |       ||   591
       Short sword       |       |       |       |       |   295 |   357 |     3 ||   655
       Scimitar          |       |       |       |       |       |    10 |       ||    10
 Fire: Sling             |    36 |    49 |       |       |       |       |       ||    85
       Shortbow          |       |     1 |    12 |     7 |       |       |       ||    20
Throw: Dart              |       |       |       |     4 |       |       |       ||     4
 Cast: Magic Dart        |    29 |    16 |     9 |     3 |     1 |       |       ||    58
       Searing Ray       |     4 |    14 |    39 |     9 |       |       |       ||    66
       Borgnjor's Vile C |       |       |       |    73 |   200 |   290 |   158 ||   721
       Sublimation of Bl |       |       |       |    10 |    92 |    21 |    25 ||   148
       Vampiric Draining |       |       |       |    19 |    23 |    15 |       ||    57
       Dispel Undead     |       |       |       |     2 |    16 |    12 |       ||    30
       Stone Arrow       |       |       |       |       |    15 |     9 |       ||    24
       Iron Shot         |       |       |       |       |       |     8 |    21 ||    29
       Statue Form       |       |       |       |       |       |       |     3 ||     3
Invok: Receive Forbidden |       |       |       |       |     1 |       |       ||     1
       Renounce Religion |       |       |       |       |     1 |       |       ||     1
 Abil: Dig               |     1 |       |       |     3 |    10 |     5 |       ||    19
       Shaft Self        |       |     1 |       |     2 |       |     1 |       ||     4
       End Transformatio |       |       |       |       |       |       |     3 ||     3
  Use: Scroll            |       |     7 |     1 |     8 |     5 |    16 |       ||    37
       Potion            |       |       |       |       |       |     3 |       ||     3
 Stab: Sleeping          |       |     3 |     1 |       |     2 |       |       ||     6
       Petrified         |       |       |       |     7 |       |       |       ||     7
       Distracted        |       |       |       |       |     2 |     4 |     4 ||    10
Armor: Robe              |     6 |    21 |    16 |       |       |       |       ||    43
       Steam dragon scal |       |       |    52 |       |       |       |       ||    52
       Leather armour    |       |       |    21 |   170 |       |       |       ||   191
       Troll leather arm |       |       |       |    11 |   270 |   257 |    85 ||   623
       Skin              |       |       |       |       |       |       |     9 ||     9
Dodge: Dodged            |    17 |    39 |   122 |   212 |   378 |   431 |   102 ||  1301
Block: Buckler           |       |       |    34 |    78 |   195 |   171 |       ||   478
       Kite shield       |       |       |       |       |       |   244 |   127 ||   371
